 Dungeon Crawl Stone Soup version 0.29-a0-8-g0446c0dae4 (webtiles) character file.

Game seed: 8208383723093944757

1986 gruber the Covert (level 9, -10/69 HPs)
             Began as a Black Draconian Conjurer on Jan 27, 2022.
             Mangled by a wyvern (17 damage)
             ... on level 7 of the Dungeon.
             The game lasted 00:09:26 (7981 turns).

gruber the Covert (Black Draconian Conjurer)        Turns: 7981, Time: 00:09:27

Health: -10/69     AC:  1    Str: 10    XL:     9   Next: 1%
Magic:  12/12      EV: 12    Int: 20    God:
Gold:   372        SH:  0    Dex: 12    Spells: 11/12 levels left

rFire   . . .      SeeInvis .   t - +6 dagger (speed)
rCold   . . .      Faith    .   (no shield)
rNeg    . . .      Spirit   .   (armour unavailable)
rPois   .          Reflect  .   (helmet restricted)
rElec   +          Harm     .   (no cloak)
rCorr   .          Rampage  .   (no gloves)
Will    .....                   o - +1 pair of boots
Stlth   ++++......              (no amulet)
HPRegen 0.21/turn               i - ring of flight
MPRegen 0.13/turn               (no ring)

@: mighty, short of breath, corroded, flying, studying Stealth
A: breathe lightning, AC +7, unfitting armour, electricity resistance,
cold-blooded
a: Breathe Lightning


You were on level 7 of the Dungeon.
You visited 1 branch of the dungeon, and saw 7 of its levels.

You collected 372 gold pieces.

Inventory:

Hand Weapons
 c - a +3 spear of venom
 t - a +6 dagger of speed (weapon)
Armour
 o - a +1 pair of boots (worn)
Jewellery
 i - a ring of flight (left hand)
 y - a ring of fire
Wands
 s - a wand of mindburst (5)
 x - a wand of flame (13)
Scrolls
 a - 7 scrolls of identify {unknown}
 b - a scroll of enchant weapon {unknown}
 d - a scroll of acquirement {unknown}
 e - 7 scrolls of fog {unknown}
 g - 6 scrolls of noise {unknown}
 j - a scroll of blinking {unknown}
 k - a scroll of immolation {unknown}
 n - a scroll of fear {unknown}
 p - a scroll of brand weapon {unknown}
 q - 2 scrolls of teleportation {unknown}
Potions
 f - a potion of might
 h - a potion of heal wounds {unknown}
 l - 2 potions of curing {unknown}
 m - 2 potions of flight {unknown}
 r - 2 potions of cancellation {unknown}
 u - a potion of invisibility {unknown}
 v - 2 potions of lignification {unknown}
 w - 2 potions of mutation {unknown}


   Skills:
 - Level 3.0 Fighting
 * Level 6.9 Short Blades
 - Level 1.7 Dodging
 - Level 9.8 Stealth
 - Level 2.0 Spellcasting
 - Level 7.0 Conjurations


You had 11 spell levels left.
You knew the following spells:

 Your Spells              Type           Power      Damage    Failure   Level
a - Magic Dart            Conj           100%       1d8       1%          1

Your spell library contained the following spells:

 Spells                   Type           Power      Damage    Failure   Level
 Searing Ray              Conj           60%        2d6       1%          2
 Static Discharge         Conj/Air       16%        N/A       5%          2
 Dazzling Flash           Conj/Hex       32%        N/A       11%         3
 Corpse Rot               Necr/Air       4%         N/A       24%         2
 Poisonous Vapours        Pois/Air       4%         N/A       24%         2
 Fulminant Prism          Conj/Hex       8%         3d7       36%         4
 Iskenderun's Mystic Bla  Conj/Tloc      16%        2d5       36%         4
 Sticky Flame             Conj/Fire      16%        2d4       36%         4
 Ozocubu's Armour         Ice            2%         N/A       43%         3
 Dispel Undead            Necr           2%         3d7       83%         4
 Ozocubu's Refrigeration  Ice            1%         4d5       100%        7


Dungeon Overview and Level Annotations

Branches:
Dungeon (7/15)
 Temple: D:4-7

Altars:
Cheibriados
Gozag
Hepliaklqana
Zin

Annotations:
D:4 3 runed translucent doors, Edwards80's ghost, amateur MiBe
D:7 2 transporters, kwass's ghost, novice GnWn


Innate Abilities, Weirdness & Mutations

You can breathe wild blasts of lightning.
Your glossy black scales are hard. (AC +7)
You cannot fit into any form of body armour.
You are resistant to electric shocks. (rElec)
You are cold-blooded and may be slowed by cold attacks.


Message History

You hit the orc but do no damage. You barely miss the orc.
You hit the orc but do no damage. The orc hits you with a +0 hand axe.
You hit the orc but do no damage.
You tail-slap the orc, but do no damage.
You hit the orc but do no damage. The orc hits you with a +0 hand axe.
You hit the orc but do no damage. You hit the orc but do no damage.
You have got your breath back.
The orc misses you.
You hit the orc but do no damage. You hit the orc but do no damage.
The orc barely misses you.
You hit the orc but do no damage. Your punch misses the orc.
You hit the orc but do no damage. You hit the orc but do no damage.
You punch the orc, but do no damage. The orc barely misses you.
You barely miss the orc. Your punch misses the orc.
A wyvern comes into view.
You hit the orc.
The orc is lightly wounded.
The orc barely misses you. The orc hits you with a +0 hand axe.
* * * LOW HITPOINT WARNING * * *
You see here a sedimented silvery potion.
Activating: Breathe Lightning (4% risk of failure)
Press: ? - help, Dir - look around, f - activate You breathe a wild blast of lightning!
The orb of electricity explodes!
You hear a mighty clap of thunder!
You hear an angry buzzing noise.
The wyvern closely misses you. The wyvern bites you!
* * * LOW HITPOINT WARNING * * *
Unknown command.
Unknown command.
Unknown command.
Unknown command.
Unknown command.
Unknown command.
It was a potion of might.
You feel very mighty all of a sudden. The wyvern bites you!
You die...

#. ####.#####.#
#.##...).l.....
#.....#)###....
#.....#.)......
#.....).....#.#
#.....#######
#..o..# ###l###
###@####
#......#
#.#.##.#
#####....#.##
.....>......+
.####....#.##
#.#.##.#
#.####.#
#.####.##.#


You could see a wyvern and an orc.

Vanquished Creatures
  A steam dragon (D:7)
  2 water moccasins (D:6)
  An orc warrior (D:5)
  A black bear (D:5)
  A necrophage (D:5)
  2 centaurs
  An ogre (D:5)
  A scorpion (D:5)
  A water moccasin zombie (D:5)
  A wyvern skeleton (D:6)
  5 wights
  A howler monkey (D:4)
  2 bullfrog zombies
  A centaur zombie (D:6)
  A hound (D:5)
  2 orc priests (D:7)
  2 jellies
  Terence (D:2)
  Ijyb (D:5)
  6 orc wizards
  A howler monkey zombie (D:6)
  A howler monkey skeleton (D:7)
  9 adders
  A shadow imp (D:7)
  2 white imps
  An ufetubus (D:6)
  A worm (D:2)
  2 dart slugs (D:2)
  23 orcs
  12 ball pythons
  6 endoplasms
  2 giant cockroaches
  13 goblins
  8 hobgoblins
  11 jackals
  7 kobolds
  2 quokkas
  3 bats
  5 frilled lizards
  2 quokka skeletons (D:4)
  8 rats
154 creatures vanquished.

Notes
Turn   | Place    | Note
-------+----------+-------------------------------------------
     0 | D:1      | gruber the Draconian Conjurer began the quest for the Orb.
     0 | D:1      | Reached XP level 1. HP: 14/14 MP: 3/3
   224 | D:1      | Reached XP level 2. HP: 9/20 MP: 0/5
   998 | D:1      | Reached skill level 5 in Conjurations
  1002 | D:1      | Reached XP level 3. HP: 26/26 MP: 6/6
  1124 | D:1      | Found a faded altar of an unknown god.
  1231 | D:2      | Noticed Terence
  1246 | D:2      | Killed Terence
  1564 | D:2      | Reached XP level 4. HP: 33/33 MP: 7/7
  2432 | D:3      | Reached XP level 5. HP: 36/38 MP: 8/8
  3207 | D:3      | Found a snail-covered altar of Cheibriados.
  3408 | D:5      | Entered Level 5 of the Dungeon
  4037 | D:4      | Reached skill level 1 in Fighting
  4064 | D:4      | Noticed a centaur
  4072 | D:4      | Killed a centaur
  4073 | D:4      | Reached XP level 6. HP: 38/51 MP: 9/9
  4295 | D:4      | Found a runed translucent gate.
  4295 | D:4      | Found a runed translucent gate.
  4295 | D:4      | Found a runed translucent gate.
  4406 | D:4      | Noticed Edwards80's ghost (amateur MiBe)
  4481 | D:5      | Reached skill level 3 in Stealth
  4559 | D:5      | Reached skill level 5 in Stealth
  4559 | D:5      | Your scales start taking on a glossy black colour.
  4559 | D:5      | Reached XP level 7. HP: 51/57 MP: 10/10
  4559 | D:5      | Gained mutation: You are resistant to electric shocks.
                  | (rElec) [Black Draconian growth]
  4731 | D:5      | Found an opulent altar of Gozag.
  4816 | D:5      | Noticed Ijyb
  4827 | D:5      | Killed Ijyb
  5068 | D:5      | Reached skill level 6 in Stealth
  5294 | D:5      | Reached skill level 7 in Stealth
  5529 | D:5      | Reached skill level 8 in Stealth
  5684 | D:6      | Reached skill level 9 in Stealth
  5895 | D:5      | Reached XP level 8. HP: 33/63 MP: 11/11
  6213 | D:6      | Reached skill level 1 in Short Blades
  6664 | D:6      | Reached skill level 5 in Short Blades
  7287 | D:6      | Found a glowing silver altar of Zin.
  7863 | D:7      | Found a hazy altar of Hepliaklqana.
  7919 | D:7      | Found a transporter.
  7920 | D:7      | Noticed kwass's ghost (novice GnWn)
  7921 | D:7      | Found a transporter.
  7954 | D:7      | Reached XP level 9. HP: 28/69 MP: 12/12
  7981 | D:7      | Mangled by a wyvern

Illustrated notes

Levels and vault maps discovered:
D:1:      dpeg_arrival_erosion, layout_loops_ring,
          dilly_ecumenical_altar_fadedgnrine
D:2:      layout_basic, minmay_joined_circles, uniq_terence
D:3:      layout_basic, mainiacjoe_overflow_brackets, grunt_ministairs_7
D:4:      layout_gridville, gammafunk_ghost_necromancy, minmay_manual_mares
D:5:      layout_rooms, lemuel_coloured_pillars_altar,
          chequers_serial_rivers_small_3, minmay_a_box_with_orc_wizards_in_it,
          uniq_ijyb
D:6:      layout_loops_ring, zin_treasury
D:7:      layout_loops_corners, nzn_hepliaklqana_mist_gate,
          minmay_temple_entry_poolview, gammafunk_ghost_hive, uniq_joseph

Skill      XL: |  1  2  3  4  5  6  7  8 |
---------------+-------------------------+-----
Conjurations   | 5 6 7 |  7.0
Fighting       | 3 |  3.0
Stealth        | 5 9 |  9.8
Short Blades   | 6 |  6.9
Dodging        | |  1.7
Spellcasting   | |  2.0

Action                   |  1- 3 |  4- 6 |  7- 9 || total
-------------------------+-------+-------+-------++-------
Melee: Unarmed           |    35 |       |       ||    35
       Tailslap          |     5 |    20 |    29 ||    54
       Punch             |     1 |     4 |     5 ||    10
       Spear             |    52 |   201 |    12 ||   265
       Dagger            |       |       |   237 ||   237
 Cast: Magic Dart        |    24 |       |     8 ||    32
 Abil: Breathe Lightning |       |       |     9 ||     9
  Use: Potion            |       |       |     1 ||     1
 Stab: Distracted        |     1 |       |       ||     1
       Sleeping          |     2 |    11 |     4 ||    17
Armor: Skin              |    25 |    54 |    63 ||   142
Dodge: Dodged            |    52 |    98 |   101 ||   251

Table legend: (Time is in decaauts)
 A = Elapsed time spent in this place.
 B = Non-inter-level travel time spent in this place.
 C = Inter-level travel time spent in this place.
 D = Time resting spent in this place.
 E = Time spent auto-exploring this place.
 F = Levels seen in this place.
 G = Mean time per level.
                   A        B        C        D        E       F      G
               +--------+--------+--------+--------+--------+-----+--------+
         Total |   7912 |   7665 |    247 |    419 |   6109 |   7 | 1130.3 |
       Dungeon |   7912 |   7665 |    247 |    419 |   6109 |   7 | 1130.3 |
               +--------+--------+--------+--------+--------+-----+--------+

Top non-repeatable levels by time:
     D:5: 2278 daAuts
     D:1: 1193 daAuts
     D:3: 1103 daAuts
     D:4: 1036 daAuts
     D:2: 1035 daAuts
     D:6: 787 daAuts
     D:7: 478 daAuts
